 Dungeon Crawl Stone Soup version 0.21-a0-122-g43b3ea6 (webtiles) character file.

110 Lianjan the Magician (level 4, -1/25 HPs)
             Began as a Deep Elf Fire Elementalist on July 13, 2017.
             Slain by Robin
             ... wielding a +0 club
              (7 damage)
             ... on level 2 of the Dungeon on July 14, 2017.
             The game lasted 00:05:03 (2069 turns).

Lianjan the Magician (Deep Elf Fire Elementalist)   Turns: 2069, Time: 00:05:04

Health: -1/25      AC:  2    Str:  5    XL:     4   Next: 61%
Magic:  7/12       EV: 13    Int: 21    God:
Gold:   69         SH:  0    Dex: 15    Spells: 2/11 levels left

rFire    . . .     SeeInvis .   (no weapon)
rCold    . . .     Gourm    .   (no shield)
rNeg     . . .     Faith    .   a - +0 robe
rPois    .         Spirit   .   (no helmet)
rElec    .         Reflect  .   (no cloak)
rCorr    .         Harm     .   (no gloves)
MR       .....                  (no boots)
Stlth    ++........             (no amulet)
HPRegen  0.08/turn              (no ring)
MPRegen  0.13/turn              (no ring)

@: no status effects
A: no striking features
a: no special abilities


You were on level 2 of the Dungeon.
You were not hungry.

You visited 1 branch of the dungeon, and saw 3 of its levels.

You collected 69 gold pieces.

Inventory:

Hand Weapons
 h - a +2 flail of holy wrath
Armour
 a - a +0 robe (worn)
Scrolls
 e - 3 scrolls of identify {unknown}
 f - 2 scrolls of remove curse {unknown}
 j - 4 scrolls of enchant weapon {unknown}
 n - a scroll of recharging {unknown}
Potions
 g - a potion of agility {unknown}
 i - a potion of might {unknown}
 k - a potion of mutation {unknown}
Books
 b - a book of Flames

   Spells                             Type                      Level
   a - Flame Tongue                   Conjuration/Fire             1
   b - Throw Flame                    Conjuration/Fire             2
   c - Conjure Flame                  Conjuration/Fire             3
   d - Inner Flame                    Hexes/Fire                   3
   e - Sticky Flame                   Conjuration/Fire             4
   f - Fireball                       Conjuration/Fire             5
Comestibles
 c - a bread ration
 d - 3 meat rations
 l - 2 chunks of flesh
 m - 4 fruits


   Skills:
 + Level 1.0 Fighting
 - Level 2.5 Dodging
 - Level 2.5 Stealth
 + Level 4.2 Spellcasting
 * Level 3.7 Conjurations
 - Level 3.2 Fire Magic


You had 2 spell levels left.
You knew the following spells:

 Your Spells              Type           Power        Failure   Level  Hunger
a - Flame Tongue          Conj/Fire      ###..        2%          1    None
b - Throw Flame           Conj/Fire      ###...       4%          2    #......
c - Conjure Flame         Conj/Fire      ###.....     9%          3    ###....
d - Inner Flame           Hex/Fire       ##......     19%         3    ###....


Dungeon Overview and Level Annotations

Branches:
Dungeon (3/15)

Altars:
Hepliaklqana

Annotations:
D:2 Robin


Message History

* * * LOW HITPOINT WARNING * * *
Casting: Flame Tongue
Confirm with . or Enter, or press ? or * to list all spells.
Aiming: Flame Tongue
Press: ? - help, Shift-Dir - straight line, f - Robin
Aim: Robin, wielding a club, wearing an animal skin and wearing a helmet The flame tongue hits Robin.
Robin is moderately wounded.
Robin roars a battlecry!
The hobgoblin goes into a battle-frenzy!
The hobgoblin misses you.
Casting: Flame Tongue
Confirm with . or Enter, or press ? or * to list all spells.
Aiming: Flame Tongue
Press: ? - help, Shift-Dir - straight line, f/p - Robin
Aim: Robin, wielding a club, wearing an animal skin and wearing a helmet (moderately wounded)
The flame tongue hits Robin.
Robin is moderately wounded.
Robin hits you with a club!
You die...

...................#....#........
...................#+#####.......
........#.....#.##.........##....
#.......#.....#.##.....###)......
........#.....#...........##.....
........#................)##.....
........#.....#...........##.....
.................#+#....)......#.
...#####........@..#...........#.
....####......##.g.#...........##
.................g.#...........##
.<........##.....)>.........(...#
.................................
...................#.............
#..........................##....
..............#..................
..............#..................


You could see Robin and a hobgoblin.

Vanquished Creatures
  2 adders (D:2)
  4 gnolls
  3 worms (D:2)
  A dart slug (D:2)
  A leopard gecko (D:3)
  3 bats (D:1)
  A giant cockroach (D:1)
  12 goblins
  4 hobgoblins
  2 ball pythons (D:1)
  2 frilled lizards (D:2)
  2 kobolds (D:1)
  9 rats
46 creatures vanquished.

Notes
Turn   | Place    | Note
-------+----------+-------------------------------------------
     0 | D:1      | Lianjan the Deep Elf Fire Elementalist began the quest for the Orb.
     0 | D:1      | Reached XP level 1. HP: 10/10 MP: 6/6
   379 | D:1      | Reached XP level 2. HP: 14/15 MP: 6/8
  1075 | D:2      | Reached XP level 3. HP: 19/19 MP: 3/10
  1079 | D:2      | Learned a level 2 spell: Throw Flame
  1083 | D:2      | Learned a level 3 spell: Conjure Flame
  1328 | D:2      | Reached skill level 4 in Spellcasting
  1328 | D:2      | Reached XP level 4. HP: 24/24 MP: 3/12
  1485 | D:2      | Learned a level 3 spell: Inner Flame
  1653 | D:2      | Found a hazy altar of Hepliaklqana.
  1686 | D:2      | Reached skill level 1 in Fighting
  1957 | D:3      | Noticed Robin
  2069 | D:2      | Slain by Robin

Vault maps used:
D:1:      dpeg_arrival_water_temple_mockup
D:2:      nicolae_overflow_crystal_walls
D:3:      marbit_many_paths, uniq_robin, uniq_terence

Skill      XL: |  1  2  3  4 |
---------------+-------------+-----
Conjurations   | 2 3 |  3.7
Spellcasting   | 4 |  4.2
Fighting       | 1 |  1.0
Dodging        | |  2.5
Stealth        | |  2.5
Fire Magic     | |  3.2

Action                   |  1- 3 |  4- 6 || total
-------------------------+-------+-------++-------
 Cast: Flame Tongue      |    51 |    41 ||    92
       Conjure Flame     |     1 |     1 ||     2
  Eat: Chunk             |     1 |     2 ||     3
Armor: Robe              |     2 |     2 ||     4
Dodge: Dodged            |    12 |    10 ||    22
